 Dungeon Crawl Stone Soup version 0.27-a0-1202-ge72e49191c (webtiles) character file.

Game seed: 3499032777637376198

229 Gwenloh the Stinger (level 5, -9/38 HPs)
             Began as a Draconian Venom Mage on June 5, 2021.
             Mangled by a mummy (14 damage)
             ... in an ossuary.
             The game lasted 00:17:18 (4891 turns).

Gwenloh the Stinger (Draconian Venom Mage)          Turns: 4891, Time: 00:17:18

Health: -9/38      AC:  5    Str: 11    XL:     5   Next: 71%
Magic:  5/8        EV: 12    Int: 16    God:
Gold:   225        SH:  0    Dex: 11    Spells: 2/8 levels left

rFire    . . .     SeeInvis .   l - +3 dagger
rCold    . . .     Faith    .   (no shield)
rNeg     . . .     Spirit   .   (armour unavailable)
rPois    .         Reflect  .   (helmet restricted)
rElec    .         Harm     .   (no cloak)
rCorr    .         Rampage  .   (no gloves)
Will     .....                  (no boots)
Stlth    ++........             (no amulet)
HPRegen  0.12/turn              (no ring)
MPRegen  0.11/turn              (no ring)

@: no status effects
A: AC +5, unfitting armour, cold-blooded
a: no special abilities


You were in an ossuary.
You visited 1 branch of the dungeon, and saw 4 of its levels.
You also visited: Ossuary.

You collected 225 gold pieces.

Inventory:

Hand Weapons
 k - a +1 dagger of speed
 l - a +3 dagger (weapon)
 p - a +0 rapier
Scrolls
 b - 2 scrolls of fear {unknown}
 e - a scroll of vulnerability {unknown}
 f - a scroll of teleportation {unknown}
 g - a scroll of brand weapon {unknown}
 h - 2 scrolls of amnesia {unknown}
 j - a scroll of enchant weapon {unknown}
 n - a scroll of enchant armour {unknown}
Potions
 a - 3 potions of might {unknown}
 c - 2 potions of haste {unknown}
 d - a potion of curing {unknown}
 i - a potion of lignification {unknown}
 m - a potion of ambrosia {unknown}
 o - 2 potions of heal wounds {unknown}
 q - a potion of invisibility {unknown}


   Skills:
 - Level 1.7 Dodging
 - Level 1.7 Stealth
 - Level 2.0 Spellcasting
 - Level 1.0 Transmutations
 + Level 0.7 Air Magic
 + Level 6.4 Poison Magic


You had 2 spell levels left.
You knew the following spells:

 Your Spells              Type           Power      Damage    Failure   Level
a - Sting                 Tmut/Pois      52%        1d5       4%          1
b - Poisonous Vapours     Pois/Air       26%        N/A       7%          2
c - Ignite Poison         Fire/Tmut/Pois 9%         N/A       22%         3

Your spell library contained the following spells:

 Spells                   Type           Power      Damage    Failure   Level
 Olgreb's Toxic Radiance  Pois           22%        N/A       14%         4
 Mephitic Cloud           Conj/Pois/Air  9%         N/A       24%         3


Dungeon Overview and Level Annotations

Branches:
Dungeon (4/15)            Ossuary (1/1)
 Temple: D:4-7

Altars:

Shops:
D:2 :


Innate Abilities, Weirdness & Mutations

Your plain brown scales are hard. (AC +5)
You cannot fit into any form of body armour.
You are cold-blooded and may be slowed by cold attacks.


Message History

Casting: Poisonous Vapours (safe; 7% risk of failure)
Confirm with . or Enter, or press ? or * to list all spells.
Aiming: Sting (safe; 4% risk of failure)
Press: ? - help, Shift-Dir - straight line, f - mummy
Aim: a mummy (severely damaged, 86% to hit)
The sting hits the mummy.
The mummy is almost destroyed.
Casting: Sting (safe; 4% risk of failure)
Confirm with . or Enter, or press ? or * to list all spells.
Aiming: Sting (safe; 4% risk of failure)
Press: ? - help, Shift-Dir - straight line, f/p - mummy
Aim: a mummy (almost destroyed, 86% to hit)
The sting hits the mummy.
The mummy partially resists.
The mummy is almost destroyed.
Casting: Sting (safe; 4% risk of failure)
Confirm with . or Enter, or press ? or * to list all spells.
Aiming: Sting (safe; 4% risk of failure)
Press: ? - help, Shift-Dir - straight line, f/p - mummy
Aim: a mummy (almost destroyed, 86% to hit)
The sting misses the mummy.
Casting: Sting (safe; 4% risk of failure)
Confirm with . or Enter, or press ? or * to list all spells.
Aiming: Sting (safe; 4% risk of failure)
Press: ? - help, Shift-Dir - straight line, f/p - mummy
Aim: a mummy (almost destroyed, 86% to hit)
The sting hits the mummy but does no damage.
The mummy is almost destroyed.
Unknown command.
There is an open door here.
You hit the mummy but do no damage.
The mummy is almost destroyed.
You hit the mummy but do no damage.
The mummy is almost destroyed.
The mummy hits you.
* * * LOW HITPOINT WARNING * * *
You barely miss the mummy.
You tail-slap the mummy, but do no damage.
The mummy is almost destroyed.
The mummy hits you!
You die...

#+# ##.## ##.#
#...### #.^#
+...'!# ##.##
#...# #..#
##.## ##.## ###
##'# #..###'##
##..#
##..#...###..##
##.'...@M..##
###...#####
##.## #'# ##.##
#∩.∩# #####


You could see a mummy.

Vanquished Creatures
  Terence (D:2)
  3 mummies
  Robin (D:3)
  4 gnolls
  2 adders
  An ufetubus (D:4)
  A worm (D:3)
  3 dart slugs
  6 orcs
  4 ball pythons
  3 bats (D:1)
  4 endoplasms
  3 giant cockroaches
  13 goblins
  3 hobgoblins
  4 jackals (D:3)
  3 quokkas
  2 frilled lizards
  A gnoll skeleton (Ossuary)
  10 kobolds
  A kobold skeleton (Ossuary)
  An orc skeleton (Ossuary)
  6 rats
80 creatures vanquished.

Vanquished Creatures (others)
  15 plants (D:2)
15 creatures vanquished.

Grand Total: 95 creatures vanquished

Notes
Turn   | Place    | Note
-------+----------+-------------------------------------------
     0 | D:1      | Gwenloh the Draconian Venom Mage began the quest for the
                  | Orb.
     0 | D:1      | Reached XP level 1. HP: 14/14 MP: 3/3
   290 | D:1      | Reached XP level 2. HP: 20/20 MP: 1/5
   293 | D:1      | Learned a level 2 spell: Poisonous Vapours
   717 | D:1      | Reached skill level 4 in Poison Magic
  1248 | D:2      | Reached XP level 3. HP: 26/26 MP: 2/6
  1290 | D:2      | Learned a level 3 spell: Ignite Poison
  1527 | D:2      | Noticed Terence
  1542 | D:2      | Killed Terence
  1846 | D:2      | Found Ydisacs's Book Emporium.
  1923 | D:2      | Reached skill level 5 in Poison Magic
  1923 | D:2      | Reached XP level 4. HP: 33/33 MP: 2/7
  3102 | D:3      | Noticed Robin
  3109 | D:3      | Killed Robin
  3110 | D:3      | Reached XP level 5. HP: 38/38 MP: 1/8
  3620 | D:3      | Reached skill level 6 in Poison Magic
  4139 | D:4      | Found a sand-covered staircase.
  4191 | Ossuary  | Entered an ossuary
  4891 | Ossuary  | Mangled by a mummy

Illustrated notes

Levels and vault maps discovered:
D:1:      amcnicky_arrival_double_pillar, layout_basic
D:2:      layout_basic, serial_shops, shop, lexackson_kobold_supper,
          uniq_terence
D:3:      layout_loops_ring, bh_walls_and_bars, uniq_robin
D:4:      layout_loops_ring, minmay_temple_entry_glassed_door,
          gup_ossuary_entry_pyramid
Ossuary:  ossuary_due_small_catacomb

Skill      XL: |  1  2  3  4  5 |
---------------+----------------+-----
Poison Magic   | 4 5 6 |  6.4
Dodging        | |  1.7
Stealth        | |  1.7
Spellcasting   | |  2.0
Transmutations | |  1.0
Air Magic      | |  0.7

Action                   |  1- 3 |  4- 6 || total
-------------------------+-------+-------++-------
Melee: Unarmed           |     3 |       ||     3
       Dagger            |     6 |    78 ||    84
       Tailslap          |       |    11 ||    11
 Cast: Sting             |    42 |    35 ||    77
       Poisonous Vapours |    12 |    31 ||    43
Armor: Skin              |     7 |    13 ||    20
Dodge: Dodged            |    12 |    30 ||    42

Table legend: (Time is in decaauts)
 A = Elapsed time spent in this place.
 B = Non-inter-level travel time spent in this place.
 C = Inter-level travel time spent in this place.
 D = Time resting spent in this place.
 E = Time spent auto-exploring this place.
 F = Levels seen in this place.
 G = Mean time per level.
                   A        B        C        D        E       F      G
               +--------+--------+--------+--------+--------+-----+--------+
         Total |   4888 |   4802 |     86 |    937 |   2978 |   5 |  977.6 |
       Dungeon |   4188 |   4102 |     86 |    385 |   2978 |   4 | 1047.0 |
       Ossuary |    699 |    699 |      0 |    552 |      0 |   1 |  699.0 |
               +--------+--------+--------+--------+--------+-----+--------+

Top non-repeatable levels by time:
     D:1: 1316 daAuts
     D:2: 1302 daAuts
     D:3: 1260 daAuts
 Ossuary: 699 daAuts
     D:4: 308 daAuts
